 Dungeon Crawl Stone Soup version 0.22.1-1-ga44c0e56f4 (webtiles) character file.

147 Riddle the Shield-Bearer (level 5, -2/42 HPs)
             Began as a Formicid Fighter on Sept 21, 2018.
             Slain by Grinder (6 damage)
             ... on level 3 of the Dungeon.
             The game lasted 00:03:55 (2528 turns).

Riddle the Shield-Bearer (Formicid Fighter)         Turns: 2528, Time: 00:03:56

Health: -2/42      AC:  7    Str: 22    XL:     5   Next: 55%
Magic:  5/5        EV:  8    Int:  7    God:
Gold:   132        SH: 10    Dex: 10    Spells: 4/4 levels left

rFire    . . .     SeeInvis +   a - +0 quarterstaff
rCold    . . .     Gourm    .   c - +0 shield
rNeg     . . .     Faith    .   b - +0 scale mail
rPois    .         Spirit   .   (helmet unavailable)
rElec    .         Reflect  .   (no cloak)
rCorr    .         Harm     .   (no gloves)
MR       .....                  (no boots)
Stlth    ..........             (no amulet)
HPRegen  0.14/turn              m - ring of wizardry
MPRegen  0.09/turn              (no ring)

@: no status effects
A: permanent stasis, dig shafts and tunnels, four strong arms, antennae 3
a: Dig, Shaft Self


You were on level 3 of the Dungeon.
You were not hungry.

You visited 1 branch of the dungeon, and saw 3 of its levels.

You collected 132 gold pieces.

Inventory:

Hand Weapons
 a - a +0 quarterstaff (weapon)
Armour
 b - a +0 scale mail (worn)
 c - a +0 shield (worn)
Jewellery
 m - a ring of wizardry (left hand)
Scrolls
 g - a scroll of identify {unknown}
 h - a scroll of fog {unknown}
 k - 2 scrolls of remove curse {unknown}
 l - a scroll of magic mapping {unknown}
 n - a scroll of enchant weapon {unknown}
 o - a scroll of noise {unknown}
 q - a scroll of teleportation {unknown}
 s - a scroll of amnesia {unknown}
Potions
 d - a potion of might
 e - a potion of ambrosia {unknown}
 i - 2 potions of curing {unknown}
 j - a potion of magic {unknown}
 p - 3 potions of agility {unknown}
 t - a potion of flight {unknown}
Comestibles
 f - 3 rations


   Skills:
 + Level 4.2 Fighting
 + Level 3.0 Staves
 + Level 4.2 Armour
 + Level 4.7 Shields


You had 4 spell levels left.
You didn't know any spells.
Your spell library contained the following spells:

 Spells                   Type           Power        Failure   Level  Hunger
 Confusing Touch          Hex            #.....       71%         1    ##.....
 Confuse                  Hex            #.......     96%         3    ####...
 Gell's Gravitas          Tloc           #.........   96%         3    ####...
 Petrify                  Tmut/Erth      #.......     100%        4    #####..
 Metabolic Englaciation   Hex/Ice        #.........   100%        5    ######.
 Yara's Violent Unravell  Hex/Tmut       #.........   100%        5    ######.


Dungeon Overview and Level Annotations

Branches:
Dungeon (3/15)

Altars:
Cheibriados
Kikubaaqudgha

Annotations:
D:3 Grinder


Innate Abilities, Weirdness & Mutations

You cannot be hasted, slowed, berserked, paralysed or teleported.
You can dig through walls and to a lower floor.
Your four strong arms can wield two-handed weapons with a shield.
You have a pair of large antennae on your head. (SInv)


Message History

Grinder gestures at you. You resist with significant effort.
You closely miss Grinder.
Grinder is almost dead.
Grinder hits you!
* * * LOW HITPOINT WARNING * * *
You writhe in agony.
* * * LOW HITPOINT WARNING * * *
You closely miss Grinder.
Grinder is almost dead.
You block Grinder's attack.
You completely miss Grinder.
Grinder is almost dead.
Grinder hits you but does no damage. You block Grinder's attack.
You closely miss Grinder.
Grinder is almost dead.
Grinder hits you.
* * * LOW HITPOINT WARNING * * *
You writhe in agony.
You die...

....)...# .#####..# #.#
.##........ ..<#
........### #..#
.........# #..#
.#.####..# #... .#.#
#..#####..# .#.#
#.........#########
.#.#####.......5@.......#
.........######.#########
...#####.# #.# ##.# #.#
#.# ...# #.######.###
#### #..........#
#.######.###
########.######.#
................#


You could see Grinder.

Vanquished Creatures
  4 gnolls
  2 adders (D:2)
  3 dart slugs (D:1)
  4 leopard geckos
  An orc (D:2)
  7 giant cockroaches
  10 goblins
  3 hobgoblins
  11 jackals
  A quokka (D:2)
  2 ball pythons (D:2)
  13 bats
  3 frilled lizards
  5 kobolds
  3 rats (D:1)
72 creatures vanquished.

Notes
Turn   | Place    | Note
-------+----------+-------------------------------------------
     0 | D:1      | Riddle the Formicid Fighter began the quest for the Orb.
     0 | D:1      | Reached XP level 1. HP: 18/18 MP: 1/1
    24 | D:1      | Reached XP level 2. HP: 23/24 MP: 2/2
   108 | D:1      | Reached XP level 3. HP: 21/29 MP: 3/3
   712 | D:1      | Reached XP level 4. HP: 37/37 MP: 4/4
  1117 | D:2      | Found an ancient bone altar of Kikubaaqudgha.
  1118 | D:2      | Found a snail-covered altar of Cheibriados.
  1460 | D:2      | Reached XP level 5. HP: 42/42 MP: 5/5
  2504 | D:3      | Noticed Grinder
  2528 | D:3      | Slain by Grinder

Skill      XL: |  1  2  3  4  5 |
---------------+----------------+-----
Shields        | 4 |  4.7
Fighting       | 4 |  4.2
Armour         | 4 |  4.2
Staves         | 3 |  3.0

Action                   |  1- 3 |  4- 6 || total
-------------------------+-------+-------++-------
Melee: Quarterstaff      |   144 |   162 ||   306
  Eat: Chunk             |       |     6 ||     6
Armor: Scale mail        |    78 |    69 ||   147
Dodge: Dodged            |    58 |    66 ||   124
Block: Shield            |   102 |    86 ||   188
